Cogmind - Beta 12 @@@ ROGUE MODE // 2024.02.09 @ 16:31:55 Player: Dosh Result: Destroyed by H-55 Commando with Gauss Rifle Performance ------------- Evolutions (3) 1500 Regions Visited (11) 2200 Robots Destroyed (208) 1040 Value Destroyed (8121) 8121 Prototype IDs (38) 760 Alien Tech Used (0) 0 Bonus (1757) 1757 TOTAL SCORE: 15378 Bonus ------- High Alert Combat Kills 713 Follower Combat Kills 344 Entered Garrisons 400 Aligned with FarCom 300 Cogmind --------- Core Integrity 0/700 Matter 70/300 Energy 23/100 System Corruption 10% Temperature Cool (0) Movement Core (100) Ox1 Location -7/Factory Parts ------- > --- POWER (1) -------- (None) > --- PROPULSION (4) --- (None) > --- UTILITY (6) ------ Advanced Targeting Computer Improved Transmission Jammer > --- WEAPON (2) ------- Mini Assault Cannon (fused) > --- INVENTORY (5) ---- Armored Treads Aerolev Unit Advanced System Restoration Module Advanced EMP Blaster Makeshift Axe Peak State ------------ > --- POWER ------------ Light Neutrino Core > --- PROPULSION ------- Light Treads Armored Treads Improved Heavy Treads > --- UTILITY ---------- Huge Storage Unit Transport Network Coupler Advanced Targeting Computer Improved Medium Armor Plating Advanced Hacking Suite > --- WEAPON ----------- Gauss Cannon Mini Assault Cannon > --- INVENTORY -------- Improved Deuterium Engine Micro Fission Core Improved Treads Armored Treads Aerolev Unit Aerolev Unit Aerolev Unit Antigrav System Linear Gravjet Advanced Cooling System Structural Scanner Improved Transmission Jammer Cloak of Protection Improved Utility Shielding Layered Light Armor Plating Hacking Suite System Shield Advanced System Restoration Module Trap Extractor Improved EM Pulse Cannon Mini Assault Cannon Advanced EMP Blaster Makeshift Axe [Rating: 58] Favorites ----------- Power Light Nuclear Core Engine Improved Ion Engine Power Core Light Nuclear Core Propulsion Armored Treads Treads Armored Treads Wheel Wheel Hover Unit Aerolev Unit Utility Improved Medium Armor Plating Device Advanced Cooling System Storage High-capacity Storage Unit Processor Advanced Targeting Computer Hackware Hacking Suite Protection Improved Medium Armor Plating Weapon Enhanced Autogun Energy Gun EM Pulse Gun Energy Cannon Light EM Pulse Cannon Ballistic Gun Enhanced Autogun Ballistic Cannon Assault Cannon Launcher Rocket Launcher Impact Weapon Hammer Slashing Weapon Makeshift Axe Build | -11 -10 -10 -9 -9 -9 -8 -8 -8 -8 -8 -7 ------- Run | Jun Mat Min Mat Min Exi Min Mat Gar Mat Gar Fac Slots Evolved 6 | . . . 2 . . . 2 . . . 2 Power . | . . . . . . . . . . . . Propulsion 2 | . . . . . . . 2 . . . . Utility 4 | . . . 2 . . . . . . . 2 Weapon . | . . . . . . . . . . . . Parts Attached 179 | 7 5 4 29 9 2 . 31 25 21 14 32 Power 14 | 1 . 1 2 1 . . 1 4 1 2 1 Engine 4 | 1 . . 1 1 . . . . . 1 . Core 10 | . . 1 1 . . . 1 4 1 1 1 Reactor . | . . . . . . . . . . . . Propulsion 40 | 2 1 1 9 1 1 . 11 1 6 . 7 Treads 36 | 2 1 . 8 1 . . 10 1 6 . 7 Leg . | . . . . . . . . . . . . Wheel 3 | . . 1 1 . 1 . . . . . . Hover 1 | . . . . . . . 1 . . . . Flight . | . . . . . . . . . . . . Utility 57 | 2 2 . 7 3 1 . 13 8 6 5 10 Device 15 | 1 . . 1 . . . . 5 2 2 4 Storage 7 | 1 2 . . . 1 . . 2 1 . . Processor 2 | . . . . . . . . . . . 2 Hackware 2 | . . . . . . . 1 . . . 1 Protection 31 | . . . 6 3 . . 12 1 3 3 3 Artifact . | . . . . . . . . . . . . Weapon 68 | 2 2 2 11 4 . . 6 12 8 7 14 Energy Gun 3 | 1 . . . . . . . . 2 . . Energy Cannon 5 | . . . 3 . . . . . . . 2 Ballistic Gun 31 | 1 1 2 4 2 . . 3 6 5 4 3 Ballistic Cannon 13 | . . . 2 1 . . 3 . . . 7 Launcher 4 | . . . . . . . . 3 . . 1 Special Weapon . | . . . . . . . . . . . . Impact Weapon 3 | . 1 . 2 . . . . . . . . Slashing Weapon 9 | . . . . 1 . . . 3 1 3 1 Piercing Weapon . | . . . . . . . . . . . . Special Melee Weapon . | . . . . . . . . . . . . Unidentified Prototypes 7 | . . . 1 . . . 1 . 1 . 4 Corrupted Parts 2 | . . . . . . . . . . . 2 System Corruption 3 | . . . . . . . . . . . 3 Parts Lost 40 | . . 2 6 3 . . 1 5 2 4 17 Power 5 | . . 1 2 . . . . . . 1 1 Propulsion 7 | . . . . . . . . 1 . . 6 Utility 16 | . . . 3 1 . . 1 3 . 2 6 Weapon 12 | . . 1 1 2 . . . 1 2 1 4 Highest Loss Streak 7 | . . 1 3 2 . . 1 4 1 1 7 To Critical Strikes . | . . . . . . . . . . . . Average Slot Usage (%) 97 | . 100 91 90 97 100 100 99 98 99 98 88 Engine 5 | . 14 . 5 11 11 11 8 . . 1 5 Core 4 | . . 13 4 . . . . 9 8 7 . Treads 29 | . 28 26 18 22 17 11 36 35 36 36 26 Wheel 1 | . . 1 3 . 4 11 . . . . . Device 8 | . 14 14 10 11 11 11 . 7 8 14 6 Storage 9 | . 14 14 11 11 11 11 9 9 9 9 6 Hackware 1 | . . . . . . . 8 . . . 3 Protection 15 | . . . 14 20 22 22 18 17 18 11 11 Energy Gun 1 | . 14 2 . . . . . . . . . Ballistic Gun 12 | . 11 17 7 13 11 11 9 13 17 15 4 Ballistic Cannon 2 | . . . 6 . . . 8 1 . . 6 Slashing Weapon 2 | . . . . 7 11 11 . 2 . 2 1 Naked Turns . | . . . . . . . . . . . . Heaviest Build 114 | 12 28 30 43 45 62 62 71 106 104 109 114 Greatest Support 115 | 40 40 40 40 40 40 10 82 82 85 85 115 Greatest Overweight (x) 31 | . . 2 4 1 6 6 . 1 1 1 31 Average Overweight (x) . | . . . 1 . 2 6 . . . 1 1 Largest Inventory Capacity 25 | 8 15 15 15 15 20 20 20 25 25 25 25 Average Capacity 19 | 7 8 15 15 15 19 20 20 20 22 25 24 Most Carried 25 | 2 10 9 15 13 12 12 20 20 25 25 25 Average Carried 16 | 1 6 8 11 10 11 12 18 19 21 24 23 Final Capacity 25 | 8 15 15 15 15 20 20 20 20 25 25 5 Final Carried 25 | 2 9 8 14 10 12 12 19 20 25 22 5 Class Distribution -------------------- 86% | Mutant 13% | Scavenger-Mutant Dominant Class ---------------- Mutant | -10/Materials Mutant | -10/Mines Mutant | -9/Materials Mutant | -9/Mines Mutant | -9/Exiles Scavenger-Mutant | -8/Mines Mutant | -8/Materials Mutant | -8/Garrison Mutant | -8/Materials Mutant | -8/Garrison Mutant | -7/Factory Resources | -11 -10 -10 -9 -9 -9 -8 -8 -8 -8 -8 -7 ----------- Run | Jun Mat Min Mat Min Exi Min Mat Gar Mat Gar Fac Matter Collected 5830 | 275 143 63 766 269 . 20 1046 708 1194 600 746 Remotely . | . . . . . . . . . . . . Salvage Created 8106 | 94 378 144 1586 467 . . 1141 841 1637 944 874 Parts 459 | 7 25 11 111 26 . . 61 44 83 50 41 Haulers Intercepted 8 | . . . . . . . 4 . 3 . 1 Recyclers Shooed 8 | . . 1 2 . . . 1 . 2 . 2 Parts Field Recycled . | . . . . . . . . . . . . Retrieved Matter . | . . . . . . . . . . . . Parts Self-Destructed . | . . . . . . . . . . . . Prevented . | . . . . . . . . . . . . Kills | -11 -10 -10 -9 -9 -9 -8 -8 -8 -8 -8 -7 ------- Run | Jun Mat Min Mat Min Exi Min Mat Gar Mat Gar Fac Combat Hostiles Destroyed 165 | . 9 3 37 12 . . 20 24 25 18 17 Melee 1 | . . . . . . . . 1 . . . Guns 98 | . 9 3 10 9 . . 8 11 25 18 5 Cannons 55 | . . . 26 3 . . 12 2 . . 12 AOE 11 | . . . 1 . . . . 10 . . . Classes Destroyed 17 | 2 3 . 5 . . . 3 . . 3 1 Worker 4 | . . . 2 1 . . . . . . 1 Builder 4 | . . . . . . . 1 . 1 . 2 Tunneler 5 | 2 . 1 . 2 . . . . . . . Hauler 8 | . . . . . . . 4 . 3 . 1 Recycler 5 | 1 . . . . . . . . 1 . 3 Operator 4 | . 2 . 1 . . . 1 . . . . Watcher 13 | . . . 4 . . . 5 1 2 . 1 Swarmer 16 | . 3 . 4 4 . . 2 . . . 3 Grunt 88 | . 6 3 20 7 . . 8 14 15 9 6 Brawler 7 | . . . 2 1 . . 1 1 2 . . Duelist 4 | . . . 2 . . . . 1 1 . . Protector 1 | . . . . . . . . . . 1 . Sentry 30 | . . . 9 . . . 7 3 7 3 1 Demolisher 1 | . . . . . . . . . . 1 . Specialist 2 | . . . . . . . . . . 2 . Hunter 11 | . . . . . . . 2 5 . 2 2 Programmer 5 | . . . . . . . . . . . 5 Best Kill Streak 10 | 3 2 2 10 6 . . 3 7 5 5 9 Combat Bots Only 10 | . 2 2 10 6 . . 3 7 4 5 5 Max Kills in Single Turn 3 | 1 1 1 2 2 . . 1 3 2 1 2 Gunslinging 1 | . . . 1 1 . . . . 1 . . Exploded 3 | . . . 1 . . . . 3 . . . Melee 1 | . . . . . . . . 1 . . . Uniques/NPCs Destroyed . | . . . . . . . . . . . . Combat | -11 -10 -10 -9 -9 -9 -8 -8 -8 -8 -8 -7 -------- Run | Jun Mat Min Mat Min Exi Min Mat Gar Mat Gar Fac Damage Taken 11053 | 27 255 333 1521 402 . . 834 1690 982 1373 3636 Core 1480 | . 64 122 198 53 . . 57 74 86 126 700 Absorbed by Shields 155 | . . . . . . . . . . 155 . Regen/Repaired (Parts) 428 | . 2 . . . . . . . 207 . 219 Core Remaining (%) 49 | 100 . 25 . . . 37 . . . 37 . Volleys Fired 598 | 7 34 8 97 31 . . 91 69 112 60 89 Largest 2 | 2 2 2 2 2 . . 2 2 2 2 2 Hottest 117 | 60 60 60 95 64 . . 73 73 86 50 117 Shots Fired 1141 | 14 68 15 192 61 . . 180 122 216 120 153 Gun 770 | 14 68 15 57 50 . . 89 84 216 120 57 Cannon 355 | . . . 135 11 . . 91 22 . . 96 Launcher 16 | . . . . . . . . 16 . . . Special . | . . . . . . . . . . . . Kinetic 996 | 7 34 9 128 61 . . 180 106 211 120 140 Thermal 5 | . . . . . . . . . 5 . . Explosive 16 | . . . . . . . . 16 . . . Electromagnetic 124 | 7 34 6 64 . . . . . . . 13 Robot Hit Streak 19 | 4 8 5 13 16 . . 16 10 19 18 18 Robot Miss Streak 6 | 3 6 2 3 4 . . 4 3 5 1 3 Penetration Max 1 | . . . . . . . . 1 . . . Secondary Targets 6 | . . . 2 1 . . . . 1 1 1 Max Gunslinging Chain 1 | . . . 1 1 . . . . 1 1 1 Shots Hit Robots 750 | 9 31 9 121 44 . 1 108 71 152 92 112 Core Hits 352 | 5 19 7 58 18 . . 52 49 61 41 42 Critical Kills 1 | . . . . . . . . . 1 . . Critical Parts Destroyed 3 | . . . . . . . . . 1 1 1 Critical Strikes 16 | . . . 2 . . . 2 1 3 1 7 Burn 1 | . . . . . . . . . 1 . . Destroy 4 | . . . . . . . . . 2 1 1 Blast 10 | . . . 1 . . . 2 1 . . 6 Corrupt 1 | . . . 1 . . . . . . . . Melee Attacks 48 | . 4 . 2 4 . 1 . 12 5 20 . Impact 6 | . 4 . 2 . . . . . . . . Slashing 42 | . . . . 4 . 1 . 12 5 20 . Piercing . | . . . . . . . . . . . . Sneak Attacks 5 | . . . . 4 . 1 . . . . . Combat Hostiles . | . . . . . . . . . . . . Follow-up Attacks . | . . . . . . . . . . . . Damage Inflicted 16906 | 172 544 131 2913 867 . 58 2232 2741 2709 1685 2854 Guns 8860 | 98 524 121 672 444 . . 903 882 2677 1685 854 Cannons 5833 | . . . 2012 151 . . 1293 415 . . 1962 Explosions 1635 | 72 . . 191 . . . . 1372 . . . Melee 402 | . . . . 272 . 58 . 72 . . . Ramming 176 | 2 20 10 38 . . . 36 . 32 . 38 Kinetic 12755 | 43 204 65 1557 595 . . 2196 1297 2612 1685 2501 Thermal 328 | 72 . . 191 . . . . . 65 . . Explosive 1372 | . . . . . . . . 1372 . . . Electromagnetic 1873 | 55 320 56 1127 . . . . . . . 315 Impact . | . . . . . . . . . . . . Slashing 402 | . . . . 272 . 58 . 72 . . . Piercing . | . . . . . . . . . . . . Highest Corruption 10 | . 3 3 . . . . . . . . 10 Average Corruption 3 | . 2 3 . . . . . . . . 5 Corruption Purged . | . . . . . . . . . . . . Corruption Blocked . | . . . . . . . . . . . . Effects 22 | . 9 4 . . . . . . . . 9 Message Errors 7 | . 2 2 . . . . . . . . 3 Matter Fused 6 | . 2 1 . . . . . . . . 3 Heat Flow Errors 2 | . 1 1 . . . . . . . . . Energy Discharges 2 | . 2 . . . . . . . . . . Parts Rejected 2 | . . . . . . . . . . . 2 Parts Fused 2 | . 1 . . . . . . . . . 1 Data Loss (minor) 1 | . 1 . . . . . . . . . . Overload Shots . | . . . . . . . . . . . . Overflow Damage 266 | 1 . 37 10 105 . 28 27 21 . . 37 Projectiles 85 | . . . 10 . . . 27 11 . . 37 Explosions 48 | 1 . 37 . . . . . 10 . . . Melee 133 | . . . . 105 . 28 . . . . . Knockbacks 41 | . . . 2 . . . 14 1 . . 24 Impact 2 | . . . 1 . . . . . . . 1 Kinetic 36 | . . . 1 . . . 13 1 . . 21 Secondary 3 | . . . . . . . 1 . . . 2 Self-Inflicted Damage 215 | 27 . 44 47 . . . . 97 . . . Shots 9 | 1 . 1 1 . . . . 6 . . . Rammed 31 | 2 6 3 5 . . . 4 . 6 . 5 Targets Rammed 33 | 2 6 4 6 . . . 4 . 6 . 5 Kicked . | . . . . . . . . . . . . Crushed 2 | . . 1 1 . . . . . . . . Highest Temperature 393 | 32 209 141 385 54 . . 254 393 22 . 301 Average Temperature 68 | 16 28 26 78 27 . . 43 124 14 . 122 Received Heat Transfer 2996 | . 102 210 576 165 . . 234 540 423 434 312 Effects 6 | . . . 1 . . . . 2 . . 3 Shutdowns 2 | . . . 1 . . . . 1 . . . Energy Bleed 1 | . . . . . . . . 1 . . . Interference 3 | . . . . . . . . . . . 3 Siege Activations . | . . . . . . . . . . . . Robots Corrupted . | . . . . . . . . . . . . Combat Hostiles . | . . . . . . . . . . . . Parts Fried 5 | . . . 5 . . . . . . . . Impact Corruptions . | . . . . . . . . . . . . Robots Melted . | . . . . . . . . . . . . Combat Hostiles . | . . . . . . . . . . . . Parts Melted . | . . . . . . . . . . . . Heat Transferred 672 | 150 . . 300 . . . . . 222 . . Parts Sabotaged . | . . . . . . . . . . . . Parts Stolen . | . . . . . . . . . . . . Parts Stripped . | . . . . . . . . . . . . Power Chain Reactions 4 | 1 . . 3 . . . . . . . . Missiles Intercepted . | . . . . . . . . . . . . Alert | -11 -10 -10 -9 -9 -9 -8 -8 -8 -8 -8 -7 ------- Run | Jun Mat Min Mat Min Exi Min Mat Gar Mat Gar Fac Peak Influence 961 | 15 184 141 916 603 . . 301 961 614 665 527 Initial 468 | . 9 24 54 353 . . . 32 468 90 348 Average 284 | 4 72 126 519 368 . . 98 508 314 303 304 Maximum Alert Level 3 | . . . 3 2 . . 1 3 2 2 2 Low Security (%) 45 | 100 100 100 13 11 . 100 84 10 37 39 17 Level 1 24 | . . . 23 31 . . 15 20 27 29 66 Level 2 25 | . . . 33 57 . . . 52 34 31 16 Level 3 4 | . . . 29 . . . . 16 . . . Level 4 . | . . . . . . . . . . . . Level 5 . | . . . . . . . . . . . . High Security . | . . . . . . . . . . . . Max Security . | . . . . . . . . . . . . Squads Dispatched 32 | . 3 1 10 . . . 3 . 5 . 10 Investigation 11 | . 1 1 5 . . . 2 . 2 . . Extermination 3 | . . . . . . . . . . . 3 Reinforcement 9 | . 2 . 2 . . . 1 . 1 . 3 Assault 4 | . . . 3 . . . . . 1 . . Garrison 5 | . . . . . . . . . 1 . 4 Intercept . | . . . . . . . . . . . . Searches Triggered . | . . . . . . . . . . . . Construction Impeded 1 | . . . . . . . . . . . 1 Haulers Reinforced 1 | . . . . . . . . . . . 1 Active Scanning Responses . | . . . . . . . . . . . . Cargo Convoy Interrupts 1 | . . . . . . . . . . . 1 Stealth | -11 -10 -10 -9 -9 -9 -8 -8 -8 -8 -8 -7 --------- Run | Jun Mat Min Mat Min Exi Min Mat Gar Mat Gar Fac Distress Signals 17 | . 4 . 2 . . . 4 . 4 . 3 Communications Jammed . | . . . . . . . . . . . . Distress Signals . | . . . . . . . . . . . . Times Spotted 294 | . 22 12 71 12 . . 47 25 46 18 41 Peak Tracking Total 12 | . 3 8 12 5 . . 4 6 4 5 8 Tactical Retreats 15 | . 2 . 4 . . . 4 1 1 1 2 Traps | -11 -10 -10 -9 -9 -9 -8 -8 -8 -8 -8 -7 ------- Run | Jun Mat Min Mat Min Exi Min Mat Gar Mat Gar Fac Traps Triggered 11 | . 3 . 2 . . . . 1 . 5 . Indirectly . | . . . . . . . . . . . . Trap Hack Attempts . | . . . . . . . . . . . . Triggered . | . . . . . . . . . . . . Disarmed . | . . . . . . . . . . . . Reprogrammed . | . . . . . . . . . . . . Reused 2 | . . . . . . . . . . . 2 Traps Extracted 1 | . . . . . . . . . . . 1 Installed 3 | . . . . . . . . . . . 3 Triggered 2 | . . . . . . . . . . . 2 Most Traps Carried 4 | . . . . . . . . 4 4 4 4 Exploded 2 | . . . . . 2 . . . . . . Machines | -11 -10 -10 -9 -9 -9 -8 -8 -8 -8 -8 -7 ---------- Run | Jun Mat Min Mat Min Exi Min Mat Gar Mat Gar Fac Machines Disabled 18 | . . 1 4 . . . . 5 2 2 4 Max in Single Turn 1 | . . 1 1 . . . . 1 1 1 . Garrison Relay 3 | . . . . . . . . 2 . 1 . Machines Repaired . | . . . . . . . . . . . . Machines Sabotaged . | . . . . . . . . . . . . Overloaded Fab Kills . | . . . . . . . . . . . . Hacking | -11 -10 -10 -9 -9 -9 -8 -8 -8 -8 -8 -7 --------- Run | Jun Mat Min Mat Min Exi Min Mat Gar Mat Gar Fac Machines Accessed 56 | . 9 1 9 . 4 . 10 4 13 3 3 Terminals 38 | . 7 1 6 . . . 7 4 8 3 2 Fabricators . | . . . . . . . . . . . . Repair Stations 3 | . 1 . . . . . . . 1 . 1 Recycling Units 5 | . 1 . 2 . . . 1 . 1 . . Scanalyzers 4 | . . . 1 . . . 1 . 2 . . Garrison Access 2 | . . . . . . . 1 . 1 . . Total Hacks 162 | . 25 4 27 . 13 . 30 6 41 8 8 Successful 107 | . 16 2 20 . 13 . 21 4 27 1 3 Failed 54 | . 8 2 7 . . . 9 2 14 7 5 Catastrophic 3 | . . 1 . . . . . . 1 1 . Database Lockouts 1 | . 1 . . . . . . . . . . Manual 65 | . 15 3 9 . 1 . 15 1 19 . 2 Terminals 106 | . 21 4 15 . . . 21 6 26 8 5 Fabricators . | . . . . . . . . . . . . Repair Stations 8 | . 3 . . . . . . . 2 . 3 Recycling Units 9 | . 1 . 4 . . . 2 . 2 . . Scanalyzers 24 | . . . 8 . . . 6 . 10 . . Garrison Access 2 | . . . . . . . 1 . 1 . . Terminal Hacks 54 | . 9 2 6 . 13 . 7 3 12 1 1 Record 12 | . . . . . 12 . . . . . . Part Schematic 1 | . 1 . . . . . . . . . . Robot Analysis 8 | . 2 1 . . . . 3 . 2 . . Prototype ID Bank 5 | . 1 . 3 . . . . . 1 . . Open Door 1 | . . . . . . . . 1 . . . Emergency Access Points 2 | . . . . . . . . 1 . 1 . Alert Level 5 | . . . . . . . 1 . 4 . . Unreport Threat 8 | . 1 . . . . . 3 . 3 . 1 Locate Traps 2 | . 1 . 1 . . . . . . . . Maintenance Status 1 | . . . 1 . . . . . . . . Transport Status 1 | . 1 . . . . . . . . . . Recall Reinforcements 1 | . . . . . . . . . 1 . . Hauler Manifests 3 | . 1 . 1 . . . . . 1 . . Zone Layout 2 | . 1 1 . . . . . . . . . Patrol Navigation 1 | . . . . . . . . 1 . . . EX-Prototype ID Bank 1 | . . . . . 1 . . . . . . Fabricator Hacks . | . . . . . . . . . . . . Repair Station Hacks 6 | . 2 . . . . . . . 2 . 2 Scan Component 3 | . 1 . . . . . . . 1 . 1 Repair 3 | . 1 . . . . . . . 1 . 1 Recycling Unit Hacks 3 | . . . 1 . . . 1 . 1 . . Retrieve Components 3 | . . . 1 . . . 1 . 1 . . Scanalyzer 22 | . . . 8 . . . 6 . 8 . . Insert Component 10 | . . . 3 . . . 3 . 4 . . Analyze 12 | . . . 5 . . . 3 . 4 . . Garrison Access Hacks 2 | . . . . . . . 1 . 1 . . Unlock Access 2 | . . . . . . . 1 . 1 . . Unauthorized Hacks 20 | . 5 . 5 . . . 6 1 3 . . Terminals 15 | . 4 . 3 . . . 5 1 2 . . Assimilate 2 | . . . . . . . 1 . 1 . . Botnet 9 | . 3 . 2 . . . 3 . 1 . . Operators 3 | . 1 . 1 . . . 1 . . . . Override 1 | . . . . . . . . 1 . . . Fabricators . | . . . . . . . . . . . . Repair Stations . | . . . . . . . . . . . . Recycling Units 5 | . 1 . 2 . . . 1 . 1 . . Reject 1 | . . . . . . . . . 1 . . Tunnel 4 | . 1 . 2 . . . 1 . . . . Scanalyzers . | . . . . . . . . . . . . Garrison Access . | . . . . . . . . . . . . Data Cores Recovered . | . . . . . . . . . . . . Used . | . . . . . . . . . . . . Hacking Detections 41 | . 6 1 5 . . . 9 2 12 3 3 Full Trace Events 7 | . . 1 1 . . . 1 . 3 1 . Feedback Events . | . . . . . . . . . . . . Feedback Blocked . | . . . . . . . . . . . . Robot Schematics Acquired . | . . . . . . . . . . . . Robots Built . | . . . . . . . . . . . . Authchips . | . . . . . . . . . . . . Time . | . . . . . . . . . . . . Total Robot Build Rating . | . . . . . . . . . . . . Part Schematics Acquired 10 | . 1 . 3 . . . 3 . 3 . . Parts Built . | . . . . . . . . . . . . Authchips . | . . . . . . . . . . . . Time . | . . . . . . . . . . . . Total Part Build Rating . | . . . . . . . . . . . . Parts Repaired 3 | . 1 . . . . . . . 1 . 1 Time 108 | . 26 . . . . . . . 44 . 38 Parts Recycled . | . . . . . . . . . . . . Recycled Matter . | . . . . . . . . . . . . Retrieved Matter . | . . . . . . . . . . . . Retrieved Components 10 | . . . . . . . . . 10 . . Parts Scanalyzed 10 | . . . 3 . . . 3 . 4 . . Part Schematics Acquired 9 | . . . 3 . . . 3 . 3 . . Parts Damaged . | . . . . . . . . . . . . Bothacking | -11 -10 -10 -9 -9 -9 -8 -8 -8 -8 -8 -7 ------------ Run | Jun Mat Min Mat Min Exi Min Mat Gar Mat Gar Fac Used RIF Installer . | . . . . . . . . . . . . Robots Hacked . | . . . . . . . . . . . . Non-combat . | . . . . . . . . . . . . Combat . | . . . . . . . . . . . . Robot Hacks Applied . | . . . . . . . . . . . . Relay Couplers Released 16 | . . . . . . . . 9 . 3 4 Machine Destruction 12 | . . . . . . . . 9 . 3 . Programmers 4 | . . . . . . . . . . . 4 Fabnet Peak Effective % . | . . . . . . . . . . . . Robots Rewired 3 | . . . . . . . . . . 3 . Allies Hacked . | . . . . . . . . . . . . Hacks Repelled . | . . . . . . . . . . . . Allies | -11 -10 -10 -9 -9 -9 -8 -8 -8 -8 -8 -7 -------- Run | Jun Mat Min Mat Min Exi Min Mat Gar Mat Gar Fac Total Allies 10 | . . . . 3 . . 1 2 1 3 . Largest Group 3 | . . . . 3 3 3 3 3 1 3 3 Highest-Rated Group 71 | . . . . 40 40 40 40 71 10 63 63 Highest-Rated Ally 31 | . . . . 16 16 16 16 31 10 21 21 Total Orders 2 | . . . . . . . . . 2 . . STAY 1 | . . . . . . . . . 1 . . FOLLOW 1 | . . . . . . . . . 1 . . Ally Attacks 78 | . . . . . . . 39 11 . 3 25 Total Damage 1258 | . . . . . . . 448 187 . 58 565 Kills 15 | . . . . . . . 7 1 . 2 5 Allies Corrupted . | . . . . . . . . . . . . Allies Melted . | . . . . . . . . . . . . Intel | -11 -10 -10 -9 -9 -9 -8 -8 -8 -8 -8 -7 ------- Run | Jun Mat Min Mat Min Exi Min Mat Gar Mat Gar Fac Robot Analysis Total 8 | . 2 1 . . . . 3 . 2 . . Derelict Logs Recovered 1 | . . . . 1 . . . . . . . Drone Launches . | . . . . . . . . . . . . Drone Recoveries . | . . . . . . . . . . . . Exploration | -11 -10 -10 -9 -9 -9 -8 -8 -8 -8 -8 -7 ------------- Run | Jun Mat Min Mat Min Exi Min Mat Gar Mat Gar Fac Turns Passed 16859 | 122 1484 320 1810 1351 999 575 2441 1445 3481 1163 1668 Spaces Moved 7247 | 57 757 178 962 543 308 338 1208 737 1242 389 528 Core 9 | 3 . . . . . . . . . . 6 Treads 6400 | 54 757 142 565 543 241 . 1208 737 1242 389 522 Legs . | . . . . . . . . . . . . Wheels 838 | . . 36 397 . 67 338 . . . . . Hover . | . . . . . . . . . . . . Flight . | . . . . . . . . . . . . Fastest Speed 50 | 50 160 110 110 170 170 170 163 161 157 241 100 Average Speed 186 | 154 160 149 147 230 232 170 166 163 201 241 248 Slowest Speed 1600 | 160 160 160 240 250 250 170 170 243 241 241 1600 Overloaded Moves . | . . . . . . . . . . . . Propulsion Burnouts . | . . . . . . . . . . . . Robots Hopped . | . . . . . . . . . . . . Cave-ins Triggered . | . . . . . . . . . . . . Exploration Rate (%) 62 | 4 98 31 83 96 69 78 86 81 68 44 11 Regions Visited 11 Branch Regions 4 Pre-discovered Areas 5 | . 1 . 2 . 1 . 1 . . . . Known Exits Taken 2 | . . . . . . . 1 . 1 . . Unknown Exits Taken 7 | 1 1 1 1 1 1 1 . . . . . Scrap Searched 4 | . . 2 . 1 . 1 . . . . . Spaces Dug 20 | . 2 . 2 . . . 2 1 5 8 . Terrain Destroyed 139 | 6 2 12 13 . . . 18 66 5 8 9 Melee 18 | . 2 . 2 . . . . 1 5 8 . Projectile 30 | . . . 3 . . . 18 . . . 9 AOE 91 | 6 . 12 8 . . . . 65 . . . Terrain Rammed . | . . . . . . . . . . . . Walls Destroyed . | . . . . . . . . . . . . Machines Disabled . | . . . . . . . . . . . . Actions | -11 -10 -10 -9 -9 -9 -8 -8 -8 -8 -8 -7 --------- Run | Jun Mat Min Mat Min Exi Min Mat Gar Mat Gar Fac Total 9623 | 74 953 212 1170 594 590 338 1485 874 2067 520 746 Wait 1367 | . 138 19 51 5 279 . 102 14 667 22 70 Move 7238 | 56 756 177 961 542 307 337 1208 736 1242 388 528 Hop . | . . . . . . . . . . . . Pick Up 53 | 2 7 . 7 1 1 . 17 8 5 1 4 Fast Attach 42 | 7 . 1 9 2 . . 2 3 5 1 12 Attach 34 | . . 1 4 5 . . 4 3 3 3 11 Detach 18 | . . . 4 1 . . 3 1 3 . 6 Swap 103 | . 5 2 16 2 2 . 25 19 13 10 9 Drop 72 | . 3 . 13 1 . . 29 9 6 2 9 Fire 598 | 7 34 8 97 31 . . 91 69 112 60 89 Melee 48 | . 4 . 2 4 . 1 . 12 5 20 . Ram 4 | . . . 4 . . . . . . . . Kick . | . . . . . . . . . . . . Crush 29 | 2 6 4 2 . . . 4 . 6 . 5 Escape Stasis 8 | . . . . . . . . . . 8 . Rewire 6 | . . . . . 1 . . . . 5 . Trap 3 | . . . . . . . . . . . 3 Miscellaneous . | . . . . . . . . . . . . Route ------- -11/Junkyard -10/Materials (discovered 5 exits: *Mat x3 / *Min x2) -10/Mines -9/Materials (discovered 3 exits: *Mat x2 / [*Min]) -9/Mines (discovered 4 exits: *Mat x2 / *Exi / [*Zio]) -9/Exiles -8/Mines -8/Materials (discovered 5 exits: *Fac x3 / *Sto / Gar) -8/Garrison (discovered 3 exits: *Mat x3) -8/Materials (discovered 3 exits: *Fac / *Sto / Gar) -8/Garrison -7/Factory (discovered 1 exit: [*Fac]) History --------- Turn | Location | Event 54 | -11/Junkyard | Discovered new exit (range 16) 123 | -11/Junkyard | Entered Materials 200 | -10/Materials | Discovered new exit (range 5) 302 | -10/Materials | Build established: Mutant 461 | -10/Materials | Discovered new exit (range 16) 508 | -10/Materials | Discovered new exit (range 16) 559 | -10/Materials | Central database locked down 1046 | -10/Materials | Discovered new exit (range 8) 1249 | -10/Materials | Repaired Corrupted Hacking Suite 1256 | -10/Materials | Discovered new exit (range 7) 1607 | -10/Materials | Entered Mines 1693 | -10/Mines | Discovered new exit (range 15) 1847 | -10/Mines | Assembled infested the area 1900 | -10/Mines | Core integrity fell below 50% 1927 | -10/Mines | Entered Materials 1927 | -9/Materials | Evolved 2 slots: Utility x2 2631 | -9/Materials | Build established: Scavenger-Mutant 2724 | -9/Materials | Discovered new exit (range 4) 2883 | -9/Materials | Discovered new exit (range 16) 3127 | -9/Materials | First assault squad dispatched 3212 | -9/Materials | Lost 3 parts (1p2u) 3228 | -9/Materials | Destroyed 10 combat bots 3250 | -9/Materials | Build established: Mutant 3733 | -9/Materials | Discovered new exit (range 5) 3737 | -9/Materials | Entered Mines 3740 | -9/Mines | Met a Derelict bent on vengeance 3839 | -9/Mines | Core integrity fell below 50% 4070 | -9/Mines | A Derelict revealed a hidden shortcut to a safe place 4126 | -9/Mines | A weapon hastily lodged in a ceiling crevice suddenly fell to the ground 4211 | -9/Mines | Assisted by bots powering up and referring to "LRC-V3" 4537 | -9/Mines | Learned 8 Materials zone layouts 4539 | -9/Mines | Discovered new exit (range 5) 4646 | -9/Mines | Discovered new exit (range 15) 5078 | -9/Mines | Deemed a non-threat by the Exiles lab entrance 5078 | -9/Mines | Discovered new exit (range 5) 5088 | -9/Mines | Entered Exiles 5088 | -9/Exiles | Accompanied by 3 allies 5148 | -9/Exiles | Met 8R-AWN 5186 | -9/Exiles | Met EX-HEX 5321 | -9/Exiles | Met EX-DEC 5366 | -9/Exiles | Learned location of Zion (-7) 5418 | -9/Exiles | Met EX-BIN 5448 | -9/Exiles | Aligned with FarCom system 5451 | -9/Exiles | Given EX-Vault access code 5533 | -9/Exiles | Opened EX-Vault 5553 | -9/Exiles | Found Cloak of Protection 5635 | -9/Exiles | Exiles lab attacked by MAIN.C 5772 | -9/Exiles | Discovered new exit (range 10) 5981 | -9/Exiles | Build established: Scavenger-Mutant 6087 | -9/Exiles | Left Exiles lab with Cloak of Protection 6087 | -9/Exiles | Entered Mines 6087 | -8/Mines | Accompanied by 3 allies 6113 | -8/Mines | Discovered new exit (range 10) 6662 | -8/Mines | Entered Materials 6662 | -8/Materials | Accompanied by 3 allies 6662 | -8/Materials | Evolved 2 slots: Propulsion x2 6663 | -8/Materials | Identified exit to Storage 6663 | -8/Materials | Identified exit to Factory 7184 | -8/Materials | Build established: Mutant 8505 | -8/Materials | Discovered exit to Factory (range 13) 9103 | -8/Materials | Identified exit to Garrison 9103 | -8/Materials | Entered Garrison 9103 | -8/Garrison | Accompanied by 1 ally 9104 | -8/Garrison | Triggered checkpoint 9258 | -8/Garrison | Rescued a captive Derelict 9259 | -8/Garrison | Rescued a captive Derelict 9374 | -8/Garrison | Triggered checkpoint 9381 | -8/Garrison | Triggered checkpoint 9393 | -8/Garrison | Triggered checkpoint 9458 | -8/Garrison | Destroyed 7 combat bots 9768 | -8/Garrison | Discovered new exit (range 8) 9894 | -8/Garrison | Triggered checkpoint 9914 | -8/Garrison | Garrison Relay disabled 9992 | -8/Garrison | Discovered new exit (range 10) 10084 | -8/Garrison | Triggered checkpoint 10159 | -8/Garrison | Discovered new exit (range 14) 10228 | -8/Garrison | Triggered checkpoint 10362 | -8/Garrison | Garrison Relay disabled 10421 | -8/Garrison | Lost 4 parts (1n2u1w) 10501 | -8/Garrison | Identified exit to Materials 10548 | -8/Garrison | Entered Materials 10948 | -8/Materials | First assault squad dispatched 12021 | -8/Materials | Discovered exit to Factory (range 11) 13223 | -8/Materials | Repaired Imp. Medium Armor Plating 13648 | -8/Materials | Discovered exit to Storage (range 9) 13684 | -8/Materials | Garrison activated, responded to threat 14029 | -8/Materials | Identified exit to Garrison 14029 | -8/Materials | Entered Garrison 14102 | -8/Garrison | Triggered checkpoint 14778 | -8/Garrison | Discovered exit to Factory (range 10) 14886 | -8/Garrison | Triggered checkpoint 14954 | -8/Garrison | Triggered checkpoint 14960 | -8/Garrison | Core integrity fell below 50% 15069 | -8/Garrison | Garrison Relay disabled 15192 | -8/Garrison | Entered Factory 15192 | -7/Factory | Accompanied by 3 allies 15192 | -7/Factory | Evolved 2 slots: Utility x2 15305 | -7/Factory | Garrison activated, responded to threat 15794 | -7/Factory | Repaired Arm. Treads 16157 | -7/Factory | Discovered new exit (range 15) 16560 | -7/Factory | Cargo convoy interrupted 16658 | -7/Factory | Garrison activated, responded to threat 16676 | -7/Factory | Lost 5 parts (1n2u2w) 16717 | -7/Factory | Core integrity fell below 50% 16762 | -7/Factory | Lost 7 parts (2n3u2w) 16858 | -7/Factory | Core integrity fell below 20% 16859 | -7/Factory | System corruption reached 10% 16860 | -7/Factory | Destroyed by H-55 Commando with Gauss Rifle Last Messages --------------- 16842_ GHWJ DYZ4EP Z9MI7CHB 16842_ K-01 Serf collects debris. 16842_ Acquired 3 matter. 16844_ Acquired 9 matter. 16845_ K-01 Serf collects debris. 16845_ Acquired 35 matter. 16846_ K-01 Serf collects debris. 16848_ Lgt. Treads destroyed. 16849_ K-01 Serf collects debris. 16853_ Dropped Huge Storage Unit. 16854_ Dropped Enh. Armored Medium Treads. 16855_ Dropped Mni. Assault Cannon. 16856_ Slug penetrates P-60 Hacker. 16856_ K-01 Serf collects debris. 16858_ Adv. Hacking Suite destroyed. 16858_ Knocked back. 16858_ K-01 Serf collects debris. 16859_ Acquired 6 matter. 16859_ U-05 Engineer builds a Wall. 16859_ Penetrated by Slug. Map ----- +----------------------------------------------------+ | ????????????????????????# """ """ # = | | ????????????????????????# """ """ # = | | ????????????????????????# + % = | | ????????????????????????# # ! *! | | ????????????????????????# # * | | ????????????????????????# # ! | | ???????????????????#+#############+###^ | | ??????????????????? | | ?????????????????? | | ??????????????????? | | ?????????????????? | | ?????????????????? % | | ????????????????????#### H #####+######## | | ???????????????????????# # % [ # | | ???????????????????????# # ! ""# | | ???????????????????????# u # ""# | | ???????????????????????# # ! G# | | ??????????????########## # ""# | | ??????????????# # = # """" ""# | | ??????????????# """ #u *==########!!"""" # | | ??????????????# """ #=%%%*#??????#[%"""" !!! # | | ??????????????# """ #==%%%#?????##*!"""" !!! # | | ??????????????# +!!!=%#?????#% %"""" !! # | | ??????????????+ """ #=!=%%#?????## """" # | | ??????????????#! """ #]!k!%##?????# # | | ??????????????# """ # @=%[##################### | | ??????????????# | # [[]%# % % % #??????? | | ????????#####+#########;pp! k#= % #??????? | | ??????? "[% !=%i*h* = ]#%%%% %% #??????? | | ??? ? = % !=%!=[h*![=+%%""" """" #??????? | | ??? %* %%!%!*[[ ! #=[""" """" #??????? | | ??? [ % =*!!*=*=!!#["""" """" #??????? | | ?? % % ==!|# """" """" #??????? | | ??# ############+######### """ """" #??????? | | ??# # ????# ^ ^ #???# """" """" #??????? | | ??# # ""???# #???# """" """" #??????? | | ??# #["""? # #???# ?? #??????? | | ??# +="""" # !^[ #???# ?? #??????? | | ??# #["""" # ![ #???########??####??????? | | ??# #%"""" # #???????????????????????? | | ??# #!"""" # #???????????????????????? | | ??# #!"""" # #???????????????????????? | | ??# #* #+#########???????????????????????? | | ### # """# #???????????????????????????????? | | # R"# #???????????????????????????????? | | ### #! """# ########????????????????????????? | | ??# # # # #????????????????????????? | | ??# % #####+## # #????????????????????????? | | ??# ##### # """ #????????????????????????? | | ??#% + """ #????????????????????????? | +----------------------------------------------------+ Best States ------------- Heat Dissipation 65 Energy Generation 19 Energy Capacity 290 Matter Stores 300 Matter Capacity 300 Sight Range 16 Terrain Scan Density 10 Jamming Range 14 Armor Coverage 600 Evasion (%) 40 Targeting Accuracy 8 Recoil Reduction 4 Offensive Hacking 14 Trap Extractor Capacity 4 Item Schematics ----------------- Huge Storage Unit | -10/Materials | Hacked Structural Scanner | -9/Materials | Scanalyzed Hacking Suite | -9/Materials | Scanalyzed Lgt. EM Pulse Cannon | -9/Materials | Scanalyzed Aerolev Unit | -8/Materials | Scanalyzed Rocket Launcher | -8/Materials | Scanalyzed Enh. Autogun | -8/Materials | Scanalyzed Remote Force Field | -8/Materials | Scanalyzed Adv. Hacking Suite | -8/Materials | Scanalyzed Adv. Cooling System | -8/Materials | Scanalyzed Robot Schematics ------------------ None Fabricated ------------ Nothing Alien Tech Used ----------------- None Achievements -------------- None Challenges ------------ None Game ------ Seed MyomerClaymoresSplitter Manual? 0 Play Time 01:26:13 Cumulative 187.5 hours Start 2024.02.09 @ 15:02:11 End 2024.02.09 @ 16:31:55 Sessions 1 Manual Loads 0 Difficulty Rogue Special Mode None Game No. 153 Rogue 153 Adventurer 0 Explorer 0 Win Type - Total 3 Types 3/0/0/0/0/0/0/0/0 Lore% 62 Gallery% 71 Achievement% 60 Wizard Run 0 Options --------- ASCII 0 Keyboard 1 Movement Numpad Keybinds 0 Fullscreen 2 Font 18/SmallcapsGlow Map View 76x50 Tactical HUD 1 Map Filters NONE Filters NONE Steam 1 RUN: 8cd7f901-5904-4e31-a776-bff4403444d8